 Adventure DCSS version bcrawl-1.32 (webtiles) character file.

Game seed: 10478127480974699755

133663 Leeroy the Slasher (level 6, 35/35 HPs)
             Began as a Skeleton Skald on Aug 2, 2021.
             Quit the game on level 4 of the Dungeon.
             The game lasted 00:06:19 (4052 turns).

Leeroy the Slasher (Skeleton Skald)                 Turns: 4052, Time: 00:06:19

Health: 35/35      AC:  3    Str: 18    XL:     6   Next: 7%
Magic:  10/10      EV: 12    Int: 11    God:
Gold:   264        SH:  1    Dex: 10    Spells: 3/11 levels left
                                        Lives:  1   Deaths: 1

rFire    x . .     SeeInvis .   a - +1 long sword
rCold    + + .     Gourm    .   (no shield)
rNeg     + + +     Faith    .   b - +0 leather armour
rPois    ∞         Spirit   +   (no helmet)
rElec    +         Reflect  .   (no cloak)
rCorr    .         Harm     .   (no gloves)
MR       .....                  (no boots)
Stlth    +.........             (no amulet)
HPRegen  0.11/turn              h - ring of insulation
MPRegen  0.12/turn              o - ring of ice

@: no status effects
A: no food or potions, cold resistance 1, deterioration 1, negative energy
resistance 3, powered by death 1, torment resistance, unbreathing, magic shield,
sturdy frame 1, spell healing
a: no special abilities


You were on level 4 of the Dungeon.
You were not hungry.

You visited 1 branch of the dungeon, and saw 5 of its levels.

You collected 264 gold pieces.

Inventory:

Hand Weapons
 a - a +1 long sword (weapon)
 j - a +3 dagger
 m - a +0 dagger of protection
 n - a +0 bardiche
Missiles
 k - 71 javelins (quivered)
Armour
 b - a +0 leather armour (worn)
Jewellery
 g - an uncursed ring of teleportation
 h - a ring of insulation (left hand)
 o - a ring of ice (right hand)
Wands
 d - a wand of digging (7)
Scrolls
 c - a scroll of magic mapping
 e - 3 scrolls of remove curse
 f - 2 scrolls of teleportation
 i - 3 scrolls of identify
 l - a scroll of fog {unknown}


   Skills:
 + Level 2.1 Fighting
 - Level 6.8 Long Blades
 - Level 1.1 Armour
 - Level 2.0 Dodging
 - Level 3.0 Spellcasting
 - Level 5.0 Hexes
 - Level 3.9 Charms


You had 3 spell levels left.
You knew the following spells:

 Your Spells              Type           Power        Failure   Level  Hunger
a - Infusion              Chrm           ##......     5%          1    N/A
b - Swiftness             Chrm/Air       #.......     19%         2    N/A
c - Song of Slaying       Chrm           ##......     9%          2    N/A
d - Spectral Weapon       Hex/Chrm       ##......     13%         3    N/A

Your spell library contained the following spells:

 Spells                   Type           Power        Failure   Level  Hunger
 Ozocubu's Armour         Chrm/Ice       #.......     36%         3    N/A
 Regeneration             Chrm/Necr      Unusable     N/A         3    N/A

Dungeon Overview and Level Annotations

Branches:
Dungeon (5/12)
 Temple: D:4-7

Altars:
Lugonu
Zin


Innate Abilities, Weirdness & Mutations

You do not eat or drink.
You are immune to poison.
Your flesh is cold resistant. (rC+)
Your body sometimes deteriorates upon taking damage.
You are immune to negative energy. (rN+++)
You regenerate a little health from kills.
You are immune to unholy pain and torment.
You can survive without breathing.
When hurt, damage is shared between your health and your magic reserves.
Your movements are slightly less encumbered by armour. (ER -2)
Casting spells heals you.


Message History

The orc throws a poisoned tomahawk.
The poisoned tomahawk hits you but does no damage.
You barely miss the orc. You barely miss the orc.
The orc throws a poisoned tomahawk.
Reactivating autopickup.
You feel a bit more experienced. The orc hits you but does no damage.
No path to travel!
The orc throws a poisoned tomahawk.
The poisoned tomahawk closely misses you.
You hit the orc.
The orc is severely wounded.
The orc hits you but does no damage.
You closely miss the orc.
The orc is severely wounded.
The orc hits you with a +0 falchion.
You die...
Xom reaches out...
You are now level 6!
You rejoin the land of the living...
Are you sure you want to abandon this character and quit the game? (Confirm with "yes".)

#......# #......######
######......# #......#
#......# #......#
#......#############+#
#####..................
#.....#...#.....@............
#.....#...'..................
+.....#...#..................
#.....#####..................
#...............##.'#......#+
#...............#...#......#
#...............#...#......#
#..<............#...#......#
#.........<.....#...#......#


There were no monsters in sight!

Vanquished Creatures
  An ice beast (D:3)
  A phantom (D:4)
  A scorpion (D:3)
  An orc priest (D:4)
  2 orc wizards
  Jessica (D:2)
  Terence (D:2)
  3 worker ants
  3 adders
  A worm (D:2)
  3 dart slugs
  4 leopard geckos
  6 orcs
  A ball python (D:2)
  4 giant cockroaches
  2 goblins
  9 hobgoblins
  6 jackals
  2 quokkas (D:2)
  3 bats
  4 frilled lizards
  3 kobolds
  5 rats
67 creatures vanquished.

Vanquished Creatures (others)
  An orc wizard (D:4)
1 creature vanquished.

Grand Total: 68 creatures vanquished

Notes
Turn   | Place    | Note
-------+----------+-------------------------------------------
     0 | D:1      | Leeroy the Skeleton Skald began the quest for the Orb.
     0 | D:1      | Reached XP level 1. HP: 12/12 MP: 4/4
    87 | D:1      | Reached skill level 3 in Long Blades
   146 | D:1      | Reached XP level 2. HP: 17/17 MP: 6/6
   203 | D:1      | Learned a level 2 spell: Swiftness
   206 | D:1      | Learned a level 2 spell: Song of Slaying
   379 | D:1      | Reached skill level 4 in Long Blades
   760 | D:2      | Noticed Jessica
   770 | D:2      | Killed Jessica
   771 | D:2      | Reached XP level 3. HP: 12/21 MP: 5/7
   851 | D:2      | Reached skill level 5 in Long Blades
  1119 | D:2      | Reached XP level 4. HP: 23/26 MP: 6/8
  1343 | D:2      | Noticed Terence
  1349 | D:2      | Killed Terence
  1351 | D:2      | Found a faded altar of an unknown god.
  1682 | D:3      | Reached skill level 6 in Long Blades
  1682 | D:3      | Reached XP level 5. HP: 13/30 MP: 4/9
  1782 | D:3      | Noticed a sky beast
  1783 | D:3      | Noticed an ice beast
  1924 | D:3      | Learned a level 3 spell: Spectral Weapon
  2060 | D:3      | Found a corrupted altar of Lugonu.
  2183 | D:3      | Reached skill level 1 in Hexes
  3439 | D:3      | Killed an ice beast
  3440 | D:3      | Gained mutation: You regenerate a little health from kills.
                  | [Skeleton growth]
  3440 | D:3      | Reached XP level 6. HP: 24/35 MP: 3/10
  3892 | D:5      | Entered Level 5 of the Dungeon
  4018 | D:4      | Found a glowing silver altar of Zin.
  4036 | D:4      | Reached skill level 5 in Hexes
  4036 | D:4      | Reached XP level 7. HP: 2/40 MP: 0/11
  4040 | D:4      | HP: 1/40 [orc/poisoned tomahawk (4)]
  4045 | D:4      | HP: 1/40 [something (1)]
  4051 | D:4      | Slain by an orc
  4052 | D:4      | Reached XP level 6. HP: -2/35 MP: 0/10
  4052 | D:4      | Quit the game

Skill      XL: |  1  2  3  4  5  6 |
---------------+-------------------+-----
Long Blades    | 3 4 5 6 |  6.8
Hexes          | 2 5 |  5.0
Fighting       | |  2.1
Armour         | |  1.1
Dodging        | |  2.0
Spellcasting   | |  3.0
Charms         | |  3.9

Action                   |  1- 3 |  4- 6 |  7- 9 || total
-------------------------+-------+-------+-------++-------
Melee: Long sword        |    99 |   149 |     5 ||   253
       Bardiche          |       |    13 |       ||    13
Throw: Javelin           |       |     1 |       ||     1
 Cast: Song of Slaying   |     2 |     2 |       ||     4
       Swiftness         |     1 |     1 |       ||     2
       Spectral Weapon   |       |     7 |       ||     7
  Use: Scroll            |     6 |     1 |       ||     7
 Stab: Sleeping          |       |     2 |       ||     2
       Distracted        |       |     1 |       ||     1
Armor: Leather armour    |    22 |    28 |     1 ||    51
Dodge: Dodged            |    65 |    97 |     5 ||   167
Block: Other             |     4 |    23 |       ||    27
